 Dungeon Crawl Stone Soup version 0.30.1-11-g7821555f0a (webtiles) character file.

Game seed: 15802018182244475941

1325 SacredBeard the Grave Robber (level 8, -1/58 HPs)
             Began as a Demonspawn Necromancer on Nov 16, 2023.
             Asphyxiated
             ... on level 6 of the Dungeon.
             The game lasted 00:14:11 (6356 turns).

SacredBeard the Grave Robber (DsNe)                 Turns: 6356, Time: 00:14:11

Health: -1/58      AC:  8    Str: 11    XL:     8   Next: 34%
Magic:  7/15       EV:  6    Int: 16    God:
Gold:   293        SH:  4    Dex: 14    Spells: 16/17 levels left

rFire   . .          .
                       - Unarmed
rCold   + . .        (no shield)
rNeg    . . .        j - +0 chain mail {rC+}
rPois   .            (no helmet)
rElec   .            (no cloak)
rCorr   .            (no gloves)
SInv    .            (no boots)
Will    .....        (no amulet) Stlth
                     (no ring)
HPRegen 0.29/turn    (no ring)
MPRegen 0.14/turn

%: no passive effects
@: lethally poisoned (-1 -> -28), slowed, very slow
A: claws 1, spiny 2, condensation shield
a: no special abilities


You were on level 6 of the Dungeon.
You visited 2 branches of the dungeon, and saw 7 of its levels.

You collected 293 gold pieces.

Inventory:

Hand Weapons
 u - a +0 dagger
Missiles
 a - 6 datura-tipped darts
 f - 9 stones
 q - 6 javelins
Armour
 j - a +0 chain mail of cold resistance (worn)
Jewellery
 z - a ring of positive energy
Scrolls
 c - a scroll of fear {unknown}
 e - 2 scrolls of identify
 g - 2 scrolls of vulnerability {unknown}
 i - a scroll of silence {unknown}
 l - 3 scrolls of enchant armour
 p - a scroll of immolation {unknown}
 r - a scroll of torment {unknown}
 s - 4 scrolls of teleportation {unknown}
 w - a scroll of magic mapping {unknown}
 y - a scroll of enchant weapon {unknown}
Potions
 b - a potion of magic
 d - 3 potions of haste {unknown}
 h - a potion of heal wounds {unknown}
 k - a potion of resistance
 m - 3 potions of might {unknown}
 n - 3 potions of lignification {unknown}
 o - 3 potions of flight {unknown}
 t - 4 potions of curing {unknown}
 v - a potion of degeneration {unknown}
 x - 2 potions of ambrosia {unknown}


   Skills:
 - Level 3.0 Fighting
 - Level 2.0 Throwing
 - Level 2.0 Armour
 - Level 2.0 Dodging
 - Level 3.0 Stealth
 * Level 4.1 Unarmed Combat
 - Level 5.0 Spellcasting
 - Level 7.0 Necromancy


You had 16 spell levels left.
You knew the following spells:

 Your Spells              Type           Power      Damage    Failure   Level
a - Necrotise             Necr           100%       1d9       26%         1

Your spell library contained the following spells:

 Spells                   Type           Power      Damage    Failure   Level
 Vampiric Draining        Necr           26%        2d7       63%         3
 Animate Dead             Necr           26%        N/A       95%         4
 Magic Dart               Conj           16%        1d3       99%         1
 Sting                    Tmut/Pois      16%        1d3       99%         1
 Blink                    Tloc           8%         N/A       100%        2
 Call Imp                 Summ           8%         N/A       100%        2
 Lesser Beckoning         Tloc           8%         N/A       100%        2
 Momentum Strike          Conj/Tloc      8%         3d8       100%        2
 Poisonous Vapours        Pois/Air       8%         N/A       100%        2
 Dazzling Flash           Conj/Hex       8%         N/A       100%        3
 Mephitic Cloud           Conj/Pois/Air  4%         N/A       100%        3
 Olgreb's Toxic Radiance  Pois           4%         N/A       100%        4
 Agony                    Necr           26%        N/A       100%        5
 Silence                  Hex/Air        2%         N/A       100%        5


Dungeon Overview and Level Annotations

Branches:
Dungeon (6/15) Zot: 25764  Temple (1/1) D:6 Zot: 5861

Altars:
Ashenzari
Cheibriados
Dithmenos
Fedhas
Gozag
Hepliaklqana
Kikubaaqudgha
Makhleb
Nemelex Xobeh
Okawaru
Qazlal
Ru
Trog
Uskayaw
Vehumet
Xom
Yredelemnul

Shops:
D:1 :   D:2 =

Annotations:
D:4 Duvessa


Innate Abilities, Weirdness & Mutations

You have sharp fingernails.
You are mostly covered in sharp spines.
A meltable shield of frost defends you. (SH +4)


Message History

Casting: Necrotise (safe; 26% risk of failure)
Confirm with . or Enter, or press ? or * to list all spells.
Aiming: Necrotise (safe; 26% risk of failure)
Press: ? - help, Shift-Dir - straight line, f - kobold
Aim: a kobold, wielding a +0 short sword and quivering stones (severely wounded, chance to affect: 93%)
The kobold writhes in agony.
You kill the kobold!
The dead are walking!
The kobold throws a poisoned dart.
The poisoned dart barely misses you.
The kobold brigand throws a curare-tipped dart.
You block the curare-tipped dart.
The kobold throws a stone.
You block the stone.
The kobold brigand throws a curare-tipped dart.
The curare-tipped dart hits you.
You are poisoned.
You have difficulty breathing.
You feel yourself slow down.
You feel very sick.
Your kobold skeleton barely misses the kobold brigand.
The iguana attacks as you move away! The iguana bites you.
You feel very sick. You block the orc's attack. The iguana bites you!
You feel very sick.
The kobold brigand throws a curare-tipped dart.
The curare-tipped dart hits you.
You are more poisoned.
You have difficulty breathing.
* * * LOW HITPOINT WARNING * * *
You feel as though you will be slow longer.
As you read the scroll labelled TINIEXOQUY, it crumbles to dust.
It is a scroll of identify.
l - 3 scrolls of enchant armour
* * * LOW HITPOINT WARNING * * *
You feel very sick. The iguana bites you!
* * * LOW HITPOINT WARNING * * *
The kobold brigand throws a curare-tipped dart.
The curare-tipped dart hits you.
You are more poisoned.
You have difficulty breathing.
You die...

........#).)..# ##..............
...####..#)...# ##..####......###
...#####...Z..###.[## #......# #
...).###....K.##....## #....#.#
#..#.......K#....##..###..###.##
#..##............###..#..## #..#
#.###.....##...oo# ##....# ##.#
..# #...######K.l## #...## #.##
..###..#.#..#.#K@.###....#####...
..##...##.##.##......####..##....
.##...##.#..#.##.#..## ##....###
......##.#..#.##....# #.....##
.......##.##.##.....# #.....#.
.......#)#..#.#.....# #.....#.
.......)######......#### #.......
#.........##...........###....###
#.........{..................## #


You could see a kobold brigand (ally target), an iguana, 2 orcs, 3 kobolds and a
friendly kobold skeleton.

Vanquished Creatures
  A water moccasin (D:5)
  A sky beast (D:5)
  An orc warrior (D:6)
  2 black bears (D:5)
  2 phantoms
  A scorpion (D:6)
  2 bullfrogs (D:6)
  Dowan (D:4)
  2 jellies
  2 hounds (D:5)
  An orc priest (D:6)
  2 iguanas (D:5)
  2 sleepcaps
  An orc wizard (D:6)
  6 gnolls (D:4)
  4 adders
  A white imp (D:5)
  2 ufetubi
  2 worms
  6 orcs
  3 ball pythons
  6 bats
  3 endoplasms
  6 giant cockroaches
  5 goblins
  10 hobgoblins
  2 jackals (D:3)
  2 kobolds
  4 quokkas
  2 frilled lizards
  5 rats
90 creatures vanquished.

Vanquished Creatures (collateral kills)
  A gnoll (D:4)
  An orc (D:6)
  A jackal (D:3)
  A kobold (D:6)
4 creatures vanquished.

Grand Total: 94 creatures vanquished

Notes
Turn   | Place    | Note
-------+----------+-------------------------------------------
     0 | D:1      | SacredBeard the Demonspawn Necromancer began the quest for
                  | the Orb.
     0 | D:1      | Reached XP level 1. HP: 13/13 MP: 3/3
   329 | D:1      | Found Fis Beem's Book Boutique.
   413 | D:1      | Gained mutation: You have sharp fingernails. [demonic
                  | ancestry]
   413 | D:1      | Reached XP level 2. HP: 20/20 MP: 1/5
  1145 | D:2      | Found Ilatoh's Jewellery Shoppe.
  1296 | D:3      | Gained mutation: A meltable shield of frost defends you.
                  | (SH +4) [demonic ancestry]
  1296 | D:3      | Reached XP level 3. HP: 25/25 MP: 3/6
  1669 | D:3      | Found a hide-covered altar of Uskayaw.
  1915 | D:3      | Found a shimmering altar of Xom.
  1916 | D:3      | Found a hazy altar of Hepliaklqana.
  1917 | D:3      | Noticed a spectral ugly thing
  2328 | D:4      | Noticed Duvessa
  2328 | D:4      | Noticed Dowan
  2369 | D:4      | Reached skill level 1 in Fighting
  2382 | D:4      | Reached XP level 4. HP: 32/32 MP: 0/7
  2857 | D:2      | You fall into a shaft and drop 2 floors!
  2865 | D:5      | Entered Level 5 of the Dungeon
  2878 | D:5      | Reached skill level 1 in Throwing
  2878 | D:5      | Reached skill level 1 in Armour
  2878 | D:5      | Reached skill level 5 in Necromancy
  2992 | D:5      | Gained mutation: You are partially covered in sharp spines.
                  | [demonic ancestry]
  2992 | D:5      | Reached XP level 5. HP: 37/37 MP: 3/9
  3066 | D:5      | Noticed a black bear
  3294 | D:4      | Killed Dowan
  3295 | D:4      | Reached XP level 6. HP: 39/44 MP: 5/11
  3741 | D:4      | Found an ancient bone altar of Kikubaaqudgha.
  3864 | D:4      | Found a stormy altar of Qazlal.
  4302 | D:5      | Reached skill level 6 in Necromancy
  4302 | D:5      | Gained mutation: You are mostly covered in sharp spines.
                  | [demonic ancestry]
  4302 | D:5      | Reached XP level 7. HP: 9/50 MP: 11/13
  5289 | D:6      | Reached skill level 5 in Spellcasting
  5289 | D:6      | Reached skill level 7 in Necromancy
  5331 | D:6      | Reached skill level 1 in Unarmed Combat
  5331 | D:6      | Reached XP level 8. HP: 43/58 MP: 15/15
  6005 | D:6      | Found a staircase to the Ecumenical Temple.
  6094 | Temple   | Entered the Ecumenical Temple
  6356 | D:6      | Asphyxiated

Illustrated notes

Levels and vault maps discovered:
D:1:      dpeg_arrival_pits, layout_loops_ring, serial_shops,
          nicolae_shop_temple_entry_statues_fountains, minmay_misc_feat_iff,
          dreamdust_princess_corridor, minmay_fountain_box
D:2:      layout_basic, serial_shops, shop, minmay_statues_item, minmay_bisected
D:3:      layout_basic, lemuel_round_altar, nicolae_tso_carved_into_rock,
          regret_index_temple_of_mockery, grunt_decor_resistance,
          minmay_misc_feat_cross
D:4:      layout_rooms, tgw_sif, mainiacjoe_overflow_two_lobes, uniq_duvessa
D:5:      layout_rooms, gup_sewer_entry_bubbles
D:6:      layout_layer_cave, temple_pool_b, minivault_22,
          lexackson_kobold_supper
Temple:   jpeg_temple_clearing

Skill      XL: |  1  2  3  4  5  6  7  8 |
---------------+-------------------------+-----
Stealth        | 2 3 |  3.0
Dodging        | 2 |  2.0
Fighting       | 1 2 3 |  3.0
Throwing       | 1 2 |  2.0
Armour         | 1 2 |  2.0
Necromancy     | 5 6 7 |  7.0
Spellcasting   | 3 4 5 |  5.0
Unarmed Combat | 1 4 |  4.1

Action                     |  1- 3 |  4- 6 |  7- 9 || total
---------------------------+-------+-------+-------++-------
  Melee: Unarmed           |     1 |       |     2 ||     3
         Club              |     3 |    18 |       ||    21
         Dagger            |       |    49 |    35 ||    84
         Punch             |       |     1 |     1 ||     2
   Cast: Necrotise         |    65 |    75 |    45 ||   185
    Use: Scroll            |       |       |     1 ||     1
   Stab: Distracted        |     1 |     1 |       ||     2
 Armour: Robe              |     3 |       |       ||     3
         Leather armour    |     2 |     7 |       ||     9
         Chain mail        |       |    32 |    29 ||    61
  Dodge: Dodged            |     5 |    43 |    29 ||    77
  Block: Other             |     2 |    19 |    18 ||    39
